Yev-Ruu, chaotic female vampiric Convict ---------------- ---------------- ######...............| ---------------- |..............| # |..............| |..............| |..............+## |..............-# |..............| |..............|# #...............|# |..............| |...............#######----------.-----# #...............| ----.-----------# ## # #----.----------- # # # # ### ####### # # ### # # # # # # # # ### ## # # ########## # # # --.--------### # -------------- ### # ### |.........|# # |..`.........| # ------------# # |..........########.............| ##...........|# ------r-- |.(.......|# # |.....<......| |..........-# |...r@@.| |......{..|# ##-............| |..........| |..?rrr.| |..........0 |............| ------------ |.......| ----------- -------------- |.......| --------- Yev-Ruu the Jail-bird Experience level: 7 Strength: 15 Dexterity: 10 Constitution: 19 Intelligence: 14 Wisdom: 8 Charisma: 7 Health: 0(73) Energy: 42(42) AC: 0 Gold: 0 Moves: 3706 Your Inventory: Armor b - a cursed +0 striped shirt (being worn) f - an [uncursed] +0 white-handed shield [Uruk-hai] (being worn) r - an uncursed +0 hard hat [dwarvish iron helm] (being worn) u - an uncursed +0 pair of hard shoes [iron] (being worn) z - an [uncursed] +0 elven mithril-coat (being worn) A - a cursed +0 hooded cloak [dwarvish] (being worn) Comestibles D - an [uncursed] Hyper Futa Mare Dick named CyberCelestia's Scrolls W - an [uncursed] scroll of remove curse X - a [blessed] scroll labeled ETAOIN SHRDLU [of food detection] Rings E - an [uncursed +4] wooden ring [of gain constitution] Wands e - an uncursed wand of cold [0:3] j - an [uncursed] aluminum wand [of digging (0:5)] k - an uncursed wand of striking [0:3] l - an uncursed wand of create monster [0:13] v - an [uncursed] wand of light [0:13] Tools a - an uncursed magic harp [0:0] d - an uncursed tin opener Gems q - an uncursed black gem [worthless glass] w - 2 [uncursed] yellow gems [worthless glass] x - an [uncursed] violet gem [worthless glass] Iron balls c - an [uncursed] heavy iron ball (chained to you) (weapon in hand) Spells known in the end: Name Level Category Fail Memory a - force bolt 1 attack 100% [||||||||] Your skills at the end: Fighting Skills Weapon Skills sling [Basic / Skilled] Spellcasting Skills Final Attributes: You were piously aligned. Hunger level was -393. Your alignment was 25 / 28. Monster difficulty range was 0 - 5. Level difficulty was 4. You were immune to poison. You were immune to level-drain. You were immune to sickness. You were punished. You could fly. You could survive without air. You regenerated. Your luck was zero. You are dead. Vanquished creatures: 13 Uruk-hai a rock mole a pony a violet fungus 5 gnome lords a kobold mummy a gray ooze 2 elf zombies a floating eye a kitten 3 dwarves a kobold lord a kobold shaman 2 rothes a rabid rat 3 orc zombies 3 iguanas 3 acid blobs 2 coyotes a gas spore a hobbit 2 large kobolds a hobgoblin 2 giant rats a red mold 11 gnomes 3 geckos 8 jackals a fox 2 kobolds 2 sewer rats a lichen 7 newts 89 creatures vanquished. Voluntary challenges: You went without food. You never hit with a wielded weapon. You read items or engraved 6 times. You put on armor 13 times. You never genocided any monsters. You never polymorphed an object. You never changed form. You used no wishes. You abstained from Elbereth's help. You never encountered a bones level. You never used any Sokoban shortcuts. Dungeon overview: The Dungeons of Doom: levels 1 to 5 Level 1 a long staircase Level 2 an altar stairs to The Gnomish Mines Level 3 (Vault) Level 4 <- You were here a scroll shop, a fountain Level 5 some fountains The Gnomish Mines: levels 3 to 4 Level 3 stairs to The Dungeons of Doom History has recorded: On T:1 you entered the Dungeons of Doom to retrieve the Amulet of Yendor! On T:387 you reached level 2 of The Dungeons of Doom. On T:392 you advanced to experience level 2. On T:713 you reached level 1 of The Gnomish Mines. On T:726 you advanced to experience level 3. On T:738 you advanced to experience level 4. On T:1109 you advanced to experience level 5. On T:1347 you reached level 2 of The Gnomish Mines. On T:1396 you advanced to experience level 6. On T:1480 you reached level 3 of The Dungeons of Doom. On T:1982 you reached level 4 of The Dungeons of Doom. On T:2512 you reached level 5 of The Dungeons of Doom. On T:2665 you advanced to experience level 7. Latest messages: [HP-1=24] The sewer rat misses. The wererat bites! [HP-3=21] The sewer rat misses. The wererat summons help! The wererat bites! [HP-3=18] The sewer rat bites! The rabid rat bites! The sewer rat bites! The wererat misses. [HP-5=13] The sewer rat bites! The rabid rat misses. The giant rat bites! The sewer rat bites! The wererat bites! [HP-9=4] The sewer rat bites! The rabid rat bites! You die... Gweebarra takes all your possessions. Final status: Goodbye Yev-Ruu the Convict... You died in The Dungeons of Doom on dungeon level 4 with 2622 points, and 0 pieces of gold, after 3706 moves. You were level 7 with a maximum of 73 hit points when you died.